AoeStats
← Lewy6594

Four Lakes

508032103Analyzed
1v1 RM · 11d ago on Sep 20, 2026· 61m 17s· 2 players
Game mode
Random Map
Map size
Tiny (2 player)
Population
200
Speed
Normal
Resources
Standard
Victory
Conquest
Starting age
Dark Age
Ending age
Imperial Age
RankedLock teamsTeams togetherTeam positionsShared explorationLock speedFull tech treeHidden civsTurbo modeCheats
Victory
Defeat
🇵🇱 Magyars · Poland
658
+13
🇺🇦 Sicilians · Ukraine
599
-13
ez pz.com
11:24 Feudal Age
14:17 Arson
15:42 Double-Bit Axe
16:37 Fletching
33:25 Wheelbarrow
35:54 Castle Age
33:43 Loom
34:34 Wheelbarrow
34:24 Gold Mining
36:45 Pikeman
38:55 Squires
39:07 Bodkin Arrow
39:23 Forging
39:46 Horse Collar
40:22 Scale Mail Armor
43:41 Iron Casting
46:31 Gambesons
49:49 Chain Mail Armor
53:54 Bloodlines
53:05 Light Cavalry
53:47 Husbandry
55:52 Heavy Plow
56:01 Scale Barding Armor
57:11 Gold Shaft Mining
56:27 Stone Mining
59:05 Padded Archer Armor
63:05 Imperial Age
Lewy6594
11:07 Feudal Age
11:40 Town Watch
11:44 Double-Bit Axe
11:40 Horse Collar
15:08 Wheelbarrow
14:28 Gold Mining
15:16 Loom
16:36 Fishing Lines
19:05 Bloodlines
22:03 Fletching
24:41 Castle Age
24:41 Scale Barding Armor
25:54 Bodkin Arrow
30:04 Chain Barding Armor
38:33 Hand Cart
38:29 Bow Saw
39:20 Heavy Plow
41:15 Town Patrol
46:04 Imperial Age
43:40 Gillnets
44:11 Murder Holes
44:37 Ballistics
44:38 Fervor
46:24 Masonry
47:09 Conscription
48:02 Crop Rotation
49:03 Chemistry
48:59 Parthian Tactics
49:23 Gold Shaft Mining
48:43 Stone Mining
49:57 Two-Man Saw
50:05 Corvinian Army
52:24 Bracer
52:25 Padded Archer Armor
52:50 Heavy Cavalry Archer
53:41 Recurve Bow
57:03 Siege Engineers
56:34 Elite Magyar Huszar
59:47 Thumb Ring
60:04 Leather Archer Armor
Connection lost

Rejoining the realm…

Still unreachable

The connection could not be restored.

Session expired

The server has moved on; the page needs a fresh start.